Map: Odyssee LE

Players

Tassadar - Winner!

  • Race: Protoss Protoss
  • League: Diamond
  • Spawn Location: 11:00

Panda

  • Race: Zerg Zerg
  • League: Diamond
  • Spawn Location: 5:00

VOD

Have the link to the VOD?

Description

Time

  • Played on: Sept. 9, 2017, 4:44 p.m.
  • Length: 3:46
Show
View Real Time Build Order
Export as new Build Order

Tassadar Protoss - Winner!

Build Orders:  

Get SALT Encoding   

  12  0:01  Probe (Chrono Boost)  
  13  0:11  Probe (Chrono Boost)  
  14  0:18  Pylon  
  14  0:22  Probe (Chrono Boost)  
  15  0:37  Probe (Chrono Boost)  
  15  0:39  Gateway  
  16  0:48  Probe (Chrono Boost), Assimilator  
  17  0:59  Probe (Chrono Boost)  
  18  1:09  Probe (Chrono Boost)  
  19  1:20  Probe (Chrono Boost)  
  20  1:27  Cybernetics Core, Zealot (Chrono Boost)  
  20  1:31  Pylon  
  22  1:39  Pylon  
  22  1:40  Pylon  
  22  1:46  Assimilator, Probe  
  23  1:58  Probe  
  24  2:10  Mothership Core  
  24  2:14  Adept (Chrono Boost)  
  26  2:32  Probe  
  25  2:46  Nexus  
  25  2:47  Pylon  
  25  2:53  Stalker (Chrono Boost)  
  25  2:56  Probe  
  28  3:08  Twilight Council  
  28  3:14  Pylon  
  22  3:27  Probe  
  14  3:39  Pylon  
Show
View Real Time Build Order
Export as new Build Order

Panda Zerg 

Build Orders: Pool Only 

Get SALT Encoding   

  12  0:01  Drone  
  13  0:17  Extractor  
  12  0:24  Spawning Pool  
  12  0:28  Drone  
  12  0:33  Drone  
  13  0:41  Drone  
  14  0:46  Overlord  
  14  1:10  Zergling x2  
  14  1:11  Zergling x4  
  16  1:14  Queen  
  19  1:27  Metabolic Boost  
  19  1:29  Zergling x2  
  20  1:33  Zergling x2  
  21  1:45  Overlord  
  21  1:55  Zergling x2  
  22  2:09  Zergling x2  
  23  2:16  Zergling x2  
  23  2:25  Zergling x6  
  25  2:43  Zergling x4  
  23  3:07  Zergling x8  
  27  3:21  Zergling x4  
Tags
 
Matchup
PvZ
Opening
Pool Only
Replay Pack
replays1
Spawn Locations
Cross Positions
Add a new tag
Caveats
  • Supply blocks, unpowered buildings, or Contaminate may cause inaccurate times.
  • Supply counts are checked every 10 seconds.